 Dungeon Crawl Stone Soup version 0.27.1-1-g398f81649c (webtiles) character file.

Game seed: 8054228340709387936

200 acemry the Stinger (level 5, -5/33 HPs)
             Began as an Octopode Transmuter on Sept 8, 2021.
             Slain by Maggie (7 damage)
             ... on level 6 of the Dungeon.
             The game lasted 00:06:35 (2898 turns).

acemry the Stinger (Octopode Transmuter)            Turns: 2898, Time: 00:06:36

Health: -5/33      AC:  2    Str:  9    XL:     5   Next: 79%
Magic:  6/8        EV: 19    Int: 22    God:
Gold:   157        SH:  0    Dex: 18    Spells: 4/8 levels left

rFire    . . .     SeeInvis .     - Unarmed
rCold    . . .     Faith    .   (shield currently unavailable)
rNeg     . . .     Spirit   .   (helmet currently unavailable)
rPois    x         Reflect  .   (no amulet)
rElec    .         Harm     .   c - ring of resist corrosion
rCorr    +         Rampage  .   h - +6 ring of intelligence
Will     .....                  (no ring)
Stlth    ++........             (no ring)
HPRegen  0.11/turn              (no ring)
MPRegen  0.11/turn              (no ring)
                                (no ring)
                                (no ring)

@: spider-form
A: venomous fangs, almost no armour, (amphibious), 8 rings, tiny, (camouflage
1), (gelatinous body 1), (nimble swimmer 1), (tentacles)
a: End Transformation


You were on level 6 of the Dungeon.
You were a venomous arachnid creature.
You visited 1 branch of the dungeon, and saw 5 of its levels.

You collected 157 gold pieces.

Inventory:

Hand Weapons
 b - a +4 dagger of draining (melded)
Missiles
 e - 24 sling bullets
 k - 5 boomerangs
Jewellery
 c - a ring of resist corrosion (left front leg)
 h - a +6 ring of intelligence (right front leg)
Wands
 o - a wand of charming (6)
Scrolls
 m - a scroll of teleportation {unknown}
 n - a scroll of fog {unknown}
Potions
 d - a potion of cancellation
 f - a potion of attraction {unknown}
 g - a potion of brilliance {unknown}
 i - a potion of curing {unknown}
 j - a potion of degeneration {unknown}


   Skills:
 - Level 1.0 Fighting
 - Level 0.3 Short Blades
 - Level 2.0 Dodging
 - Level 3.0 Unarmed Combat
 - Level 2.0 Spellcasting
 + Level 4.1 Transmutations
 * Level 4.5 Poison Magic


You had 4 spell levels left.
You knew the following spells:

 Your Spells              Type           Power      Damage    Failure   Level
a - Beastly Appendage     Tmut           40%        N/A       10%         1
b - Spider Form           Tmut/Pois      10%        N/A       19%         3

Your spell library contained the following spells:

 Spells                   Type           Power      Damage    Failure   Level
 Wereblood                Tmut           20%        N/A       12%         2
 Ice Form                 Ice/Tmut       11%        N/A       71%         4
 Summon Forest            Summ/Tloc      1%         N/A       99%         5
 Eringya's Noxious Bog    Tmut/Pois      10%        N/A       99%         6
 Summon Hydra             Summ           1%         N/A       100%        7


Dungeon Overview and Level Annotations

Branches:
Dungeon (7/15)
 Temple: D:4-7

Altars:
Wu Jian

Shops:
D:4 *   D:7 (

Annotations:
D:6 Maggie


Innate Abilities, Weirdness & Mutations

You are a venomous arachnid creature.
You have poisonous fangs.
You are tiny and dextrous.
Your spellcasting is less reliable in this form.
Your armour is entirely melded.
You are incapable of wielding weapons or throwing items.
You cannot wear most types of armour.
((You are amphibious.))
You can wear up to eight rings at the same time.
((Your skin changes colour to match your surroundings (Stealth+).))
((Your rubbery body absorbs attacks. (AC +1, EV +1)))
((You are camouflaged near water. (Stealth+)))
((You have tentacles for arms and can constrict up to eight enemies at once.))


Message History

The howler monkey looks as sick as possible!
The howler monkey is almost dead.
You kill the howler monkey!
Your Transmutations skill increases to level 4!
No target in view!
Your transformation is almost over.
Magic restored.
Your transformation has ended.
Your +4 dagger of draining unmelds from your body.
You sense an unholy aura.
Maggie the Vainglorious comes into view.
She is wielding a +1 vorpal halberd.
Maggie shouts!
Maggie is nearby!
As you read the scroll of identify, it crumbles to dust.
d - a potion of cancellation
Casting: Spider Form (quite dangerous; 7% risk of failure)
Confirm with . or Enter, or press ? or * to list all spells.
The spell is quite dangerous to cast (7% risk of failure)!
Continue anyway?
You turn into a venomous arachnid creature.
Your +4 dagger of draining melds into your body.
Maggie gestures at you while chanting. The bolt of fire misses you.
Maggie closely misses you.
You hit Maggie but do no damage.
Maggie is poisoned.
Maggie casts a spell at you. The bolt of fire hits you!
Ouch! That really hurt!
You hit Maggie but do no damage.
Maggie looks as sick as possible!
Maggie is lightly wounded.
You hit Maggie but do no damage.
Maggie is lightly wounded.
Maggie hits you with a +1 vorpal halberd!
* * * LOW HITPOINT WARNING * * *
x2 You feel much better.
Maggie hits you with a +1 vorpal halberd!
Ouch! That really hurt!
* * * LOW HITPOINT WARNING * * *
x2 Maggie barely misses you.
Maggie hits you from afar with a +1 vorpal halberd!
You die...

#.......#
.######
#..........#
##..........#
#......####..
#######.....##
..
#...##..†..##
###.....@.##
###....##
###.s# #..#
#..# #...
#.... #.....
...... .
...... . .


You could see Maggie (very poisoned).

Vanquished Creatures
  A necrophage (D:6)
  A howler monkey (D:6)
  3 adders
  A worm (D:4)
  An orc (D:4)
  5 ball pythons
  2 endoplasms (D:1)
  5 giant cockroaches (D:1)
  9 goblins
  3 hobgoblins (D:1)
  4 kobolds
  2 quokkas
  3 bats
  5 frilled lizards (D:1)
  3 rats (D:1)
48 creatures vanquished.

Notes
Turn   | Place    | Note
-------+----------+-------------------------------------------
     0 | D:1      | acemry the Octopode Transmuter began the quest for the Orb.
     0 | D:1      | Reached XP level 1. HP: 13/13 MP: 3/3
   138 | D:1      | Reached XP level 2. HP: 2/18 MP: 3/5
   685 | D:1      | Reached XP level 3. HP: 18/23 MP: 4/6
   755 | D:1      | Learned a level 3 spell: Spider Form
  1471 | D:2      | Reached skill level 1 in Poison Magic
  1577 | D:2      | You fall into a shaft and drop 2 floors!
  1753 | D:4      | Found an ornate altar of the Wu Jian Council.
  1966 | D:4      | Found Tissuup's Neck Hole.
  1997 | D:4      | Reached XP level 4. HP: 17/28 MP: 4/7
  2464 | D:4      | You fall into a shaft and drop 3 floors!
  2464 | D:7      | Found Buakoun's Antique Weapon Boutique.
  2657 | D:6      | Noticed a necrophage
  2679 | D:6      | Killed a necrophage
  2680 | D:6      | Reached XP level 5. HP: 29/33 MP: 8/8
  2887 | D:6      | Noticed Maggie
  2898 | D:6      | Slain by Maggie

Illustrated notes

Levels and vault maps discovered:
D:1:      lemuel_arrival_cross, layout_loops_ring, minmay_surrounded
D:2:      minmay_spotlight, layout_basic
D:4:      layout_basic, nicolae_overflow_hidden_temple,
          mainiacjoe_overflow_paths, mrwooster_statue_mirror,
          nicolae_shop_sticking_my_neck_out
D:6:      layout_layer_cave, minmay_temple_entry_stoned_glass, serial_shops,
          shop, gammafunk_ghost_grave, uniq_maggie
D:7:      minmay_octagon_keep, layout_gridville, serial_shops,
          nicolae_shop_overgrown_old_shop, hangedman_minor_gate_pass

Skill      XL: |  1  2  3  4  5 |
---------------+----------------+-----
Transmutations | 3 4 |  4.1
Poison Magic   | 1 4 |  4.5
Fighting       | |  1.0
Short Blades   | |  0.3
Dodging        | |  2.0
Unarmed Combat | |  3.0
Spellcasting   | |  2.0

Action                   |  1- 3 |  4- 6 || total
-------------------------+-------+-------++-------
Melee: Unarmed           |     8 |     9 ||    17
       Constrict         |    25 |     2 ||    27
       Club              |     6 |       ||     6
       Tentacles         |    13 |     1 ||    14
       Kick              |    16 |     2 ||    18
       Dagger            |    61 |    17 ||    78
       Punch             |     1 |       ||     1
 Cast: Beastly Appendage |    32 |     5 ||    37
       Spider Form       |       |     2 ||     2
  Use: Scroll            |     3 |     1 ||     4
       Potion            |       |     2 ||     2
 Stab: Sleeping          |     5 |     2 ||     7
Armor: Skin              |     3 |       ||     3
Dodge: Dodged            |    44 |    13 ||    57
